Map: Port Aleksander LE

Players

llllllllllll

  • Race: Protoss Protoss
  • Spawn Location: 11:00

Lambo - Winner!

  • Race: Zerg Zerg
  • League: Grandmaster
  • Spawn Location: 5:00

VOD

Have the link to the VOD?

Description

Time

  • Played on: Dec. 15, 2018, 10:13 a.m.
  • Length: 9:57
Show
View Real Time Build Order
Export as new Build Order

llllllllllll Protoss 

Build Orders: 1 Gate Expand, Oracle Opening 

Get SALT Encoding   

  12  0:00  Probe  
  13  0:12  Probe  
  14  0:20  Pylon  
  14  0:25  Probe  
  15  0:34  Probe  
  16  0:43  Probe, Gateway  
  17  0:50  Assimilator  
  17  0:53  Probe  
  18  1:05  Probe  
  19  1:17  Probe  
  20  1:26  Nexus  
  20  1:35  Cybernetics Core  
  20  1:39  Probe  
  21  1:44  Assimilator  
  21  1:51  Probe  
  22  1:54  Pylon  
  22  2:03  Probe  
  22  2:07  Adept  
  23  2:14  Stargate  
  23  2:18  Probe  
  26  2:26  Warp Gate  
  26  2:30  Probe, Adept  
  26  2:34  Probe  
  29  2:42  Probe x2  
  31  2:50  Adept  
  32  2:52  Probe  
  32  2:54  Probe  
  36  2:59  Oracle  
  36  3:04  Probe  
  40  3:09  Probe  
  40  3:16  Probe  
  40  3:18  Pylon  
  41  3:21  Probe  
  40  3:29  Oracle  
  40  3:31  Probe  
  40  3:33  Probe  
  42  3:37  Gateway  
  44  3:44  Probe  
  44  3:46  Adept  
  44  3:48  Probe  
  48  3:51  Pylon  
  48  3:54  Shield Battery  
  48  3:58  Probe  
  48  4:00  Probe  
  50  4:06  Phoenix  
  50  4:10  Probe  
  50  4:12  Probe  
  54  4:22  Probe  
  54  4:24  Probe  
  54  4:29  Assimilator  
  55  4:34  Probe  
  55  4:36  Probe  
  55  4:46  Probe, Pylon  
  55  4:48  Probe  
  55  4:50  Adept x2  
  59  4:59  Probe  
  59  5:00  Probe  
  60  5:10  Assimilator  
  60  5:11  Nexus, Probe, Forge  
  60  5:12  Probe, Adept  
  60  5:13  Forge  
  64  5:17  Adept  
  64  5:19  Protoss Ground Weapons Level 1  
  65  5:23  Probe  
  65  5:24  Probe  
  67  5:28  Protoss Ground Armor Level 1  
  67  5:35  Probe  
  68  5:37  Probe, Pylon  
  63  5:44  Adept, Pylon  
  63  5:45  Adept  
  63  5:47  Probe  
  63  5:49  Probe  
  69  5:58  Shield Battery  
  69  5:59  Probe  
  69  6:01  Probe  
  69  6:02  Shield Battery  
  65  6:05  Adept x2  
  68  6:11  Probe  
  68  6:13  Probe  
  70  6:18  Twilight Council  
  70  6:20  Shield Battery  
  70  6:21  Pylon  
  70  6:23  Probe  
  70  6:24  Robotics Facility  
  70  6:25  Sentry, Probe  
  72  6:26  Sentry  
  72  6:29  Probe  
  77  6:34  Pylon  
  77  6:35  Probe  
  77  6:37  Probe  
  79  6:41  Probe  
  79  6:45  Gateway  
  80  6:47  Gateway, Probe  
  80  6:49  Sentry x2, Gateway, Probe  
  80  6:52  Pylon  
  80  6:53  Probe  
  87  6:59  Assimilator  
  87  7:00  Probe  
  88  7:01  Probe  
  88  7:02  Assimilator  
  88  7:05  Gateway, Immortal  
  89  7:10  Gateway  
  89  7:11  Gateway  
  93  7:20  Blink  
  93  7:24  Sentry  
  93  7:25  Sentry  
  97  7:34  Pylon  
  97  7:44  Warp Prism, Stalker  
  99  7:46  Sentry x2  
  100  8:00  Stalker x3  
  100  8:04  Robotics Facility  
  106  8:08  Pylon  
  106  8:10  Stalker x4  
  114  8:20  Observer, Shield Battery  
  114  8:22  Shield Battery  
  114  8:23  Shield Battery  
  114  8:25  Stalker x4  
  114  8:26  Pylon  
  123  8:41  Stalker x2  
  125  8:42  Immortal  
  125  8:47  Pylon  
  125  8:48  Stalker x2  
  129  8:49  Pylon  
  130  9:01  Pylon  
  127  9:05  Pylon  
  126  9:13  Stalker x2  
  126  9:14  Stalker x2  
  128  9:20  Stalker  
  129  9:30  Stalker  
  116  9:34  Probe x2  
  90  9:40  Stalker x4  
Show
View Real Time Build Order
Export as new Build Order

Lambo Zerg - Winner!

Build Orders: Hatch First, Roach Hydra 

Get SALT Encoding   

  12  0:01  Drone  
  13  0:13  Overlord  
  13  0:17  Drone  
  14  0:32  Drone x2  
  16  0:49  Hatchery  
  15  0:52  Drone  
  15  0:56  Drone  
  17  1:01  Drone  
  18  1:10  Extractor  
  17  1:15  Spawning Pool  
  16  1:18  Drone  
  16  1:22  Drone  
  18  1:28  Drone  
  20  1:40  Drone  
  20  1:51  Overlord  
  20  2:02  Queen x2  
  20  2:03  Zergling x4  
  26  2:11  Metabolic Boost  
  26  2:12  Drone  
  26  2:14  Drone  
  28  2:22  Drone  
  29  2:24  Drone  
  30  2:42  Drone x2  
  32  2:52  Overlord  
  32  2:54  Queen  
  32  2:55  Hatchery  
  33  2:59  Drone  
  33  3:04  Drone  
  35  3:08  Drone  
  35  3:11  Drone x2  
  37  3:13  Drone  
  37  3:14  Drone x2  
  40  3:23  Drone  
  41  3:27  Overlord  
  41  3:28  Drone  
  41  3:38  Spore Crawler, Drone x2  
  41  3:41  Queen, Spore Crawler  
  43  3:50  Drone x2  
  43  3:53  Drone  
  43  3:54  Drone x2  
  48  3:57  Drone x2  
  48  4:01  Drone  
  51  4:07  Overlord  
  51  4:09  Overlord  
  51  4:11  Zergling x8  
  51  4:15  Spore Crawler  
  51  4:16  Extractor  
  51  4:17  Extractor, Zergling x2  
  54  4:20  Drone x2  
  55  4:25  Overlord  
  55  4:30  Drone  
  56  4:35  Drone x2  
  56  4:37  Drone x3  
  61  4:42  Lair  
  59  4:46  Drone x4  
  59  4:48  Overlord  
  62  4:55  Drone  
  62  5:00  Queen  
  62  5:02  Zergling x8  
  67  5:08  Evolution Chamber  
  67  5:10  Roach Warren  
  67  5:11  Zergling x2  
  66  5:14  Zergling x8  
  66  5:20  Overlord  
  70  5:22  Drone x2  
  72  5:33  Drone x6  
  81  5:42  Drone x7  
  81  5:45  Drone  
  81  5:47  Drone  
  81  5:48  Zerg Missile Weapons Level 1  
  83  5:53  Hydralisk Den, Drone  
  83  5:54  Drone  
  84  5:59  Drone x2  
  84  6:01  Drone  
  86  6:06  Drone  
  86  6:07  Extractor x2  
  86  6:08  Extractor  
  86  6:10  Glial Reconstitution  
  83  6:11  Drone x2  
  83  6:14  Drone x2  
  83  6:17  Drone x2  
  89  6:19  Pneumatized Carapace  
  89  6:21  Overlord  
  89  6:23  Drone  
  90  6:27  Hatchery  
  90  6:28  Drone  
  90  6:30  Overlord  
  90  6:32  Overlord  
  90  6:35  Overlord  
  90  6:41  Overlord  
  90  6:42  Grooved Spines  
  90  6:49  Overlord  
  90  6:53  Hydralisk x4  
  100  6:54  Roach x4, Spore Crawler  
  100  6:56  Hydralisk  
  107  7:01  Hydralisk x2  
  107  7:06  Hydralisk x2  
  107  7:08  Hydralisk  
  117  7:13  Hydralisk x2  
  120  7:18  Hydralisk x2  
  124  7:25  Hydralisk x3  
  124  7:29  Hydralisk x2  
  130  7:33  Overlord  
  130  7:34  Hydralisk  
  136  7:38  Infestation Pit  
  136  7:39  Roach x2  
  136  7:42  Overlord  
  139  7:45  Overlord  
  138  7:54  Muscular Augments  
  138  7:56  Extractor  
  138  7:57  Overlord  
  137  8:02  Roach x7  
  151  8:13  Roach x3  
  151  8:14  Roach x3  
  151  8:19  Hive  
  163  8:20  Roach x2  
  163  8:22  Overlord  
  166  8:29  Ravager x2  
  166  8:32  Zergling x14  
  175  8:42  Roach x4  
  182  8:50  Drone  
  182  8:52  Extractor  
  182  8:53  Spire  
  182  8:55  Overlord  
  181  9:04  Roach x2  
  176  9:13  Roach x6  
  177  9:19  Roach x8  
  177  9:23  Zergling x8  
  187  9:31  Zergling x14  
Tags
 
Add a new tag
Caveats
  • Supply blocks, unpowered buildings, or Contaminate may cause inaccurate times.
  • Supply counts are checked every 10 seconds.